 Dungeon Crawl Stone Soup version 0.18-a0-1180-g64ccc1e (webtiles) character file.

117 Lasopy the Skirmisher (level 4, -3/41 HPs)
             Began as a Minotaur Fighter on Jan 27, 2016.
             Slain by an adder (4 damage)
             ... on level 2 of the Dungeon.
             The game lasted 00:07:48 (2183 turns).

Lasopy the Skirmisher (Minotaur Fighter)            Turns: 2183, Time: 00:07:48

Health: -3/41      AC:  7    Str: 21    XL:     4   Next: 71%
Magic:  3/3        EV:  7    Int:  5    God:
Gold:   74         SH:  9    Dex: 10    Spells: 0 memorised, 3 levels left

rFire  . . .     SeeInvis .     a - +0 war axe
rCold  . . .     Gourm    .     b - +0 scale mail
rNeg   . . .     Faith    .     c - +0 shield
rPois  .         Spirit   .     (helmet restricted)
rElec  .         Dismiss  .     (no cloak)
rCorr  .         Reflect  .     (no gloves)
SustAt .         Harm     .     (no boots)
MR     .....                    (no amulet)
Stlth  ..........               (no ring)
                                (no ring)

@: not resistant to hostile enchantments, extremely unstealthy
A: retaliatory headbutt, horns 2
a: no special abilities


You were on level 2 of the Dungeon.
You were not hungry.

You visited 1 branch of the dungeon, and saw 3 of its levels.

You collected 74 gold pieces.

Inventory:

Hand Weapons
 a - a +0 war axe (weapon)
Armour
 b - a +0 scale mail (worn)
 c - a +0 shield (worn)
Scrolls
 h - 4 scrolls of identify
 i - a scroll of remove curse
 l - a scroll of enchant weapon {unknown}
 n - a scroll of fog {unknown}
Potions
 d - a potion of might
 e - a potion of brilliance {unknown}
 g - a potion of curing {unknown}
 j - a potion of haste {unknown}
 k - a potion of heal wounds {unknown}
Comestibles
 f - a bread ration
 m - 2 chunks of flesh
 o - 2 fruits


   Skills:
 * Level 4.9 Fighting
 - Level 2.4 Axes
 * Level 4.8 Armour
 * Level 4.7 Shields


You had 3 spell levels left.
You didn't know any spells.

Dungeon Overview and Level Annotations

Branches:
Dungeon (3/15)

Altars:
Elyvilon
Xom

Annotations:
D:3 ProzacElf's ghost, amateur HaAE


Innate Abilities, Weirdness & Mutations

You reflexively headbutt those who attack you in melee.
You have a pair of horns on your head.


Message History

You feel yourself speed up. You block the adder's attack.
You feel sick.
You are no longer poisoned.
The adder bites you but does no damage. The adder barely misses you.
You block the adder's attack. You block the adder's attack.
The adder bites you.
* * * LOW HITPOINT WARNING * * *
There is a stone staircase leading up here.
The adder barely misses you.
You climb upwards.
There is a stone staircase leading down here.
You closely miss the adder.
The adder is severely wounded.
The adder bites you.
* * * LOW HITPOINT WARNING * * *
The adder bites you.
You die...

...#.⌠.⌠.#.##.## #.# ##...##
#..........##..# #.###.....##
...#.....#.###.###.##.......## #
...........##...##.#.........####
...................'.........'...
...#######.........#.........####
....# ##.#..#..###.......## #
#.#.# #.#.†#..# ##.....## #...#
#.#..#@.# ##...## ##.## #.#..#.S#
##'## #.# #.#.>...# #.# #.#
#..)....# #.# #.# ####.#### ##.##
#.# #.# ##...####### #.# #.#
#.....##...# ##.#
#.########...###...# ...#
#...........##......


You could see an adder.

Vanquished Creatures
  2 orc wizards (D:3)
  A river rat (D:3)
  2 oozes
  A worm (D:2)
  2 orcs
  2 giant cockroaches
  A goblin (D:1)
  3 hobgoblins
  5 jackals
  8 kobolds
  8 bats
  A giant newt (D:2)
  5 rats
41 creatures vanquished.

Notes
Turn   | Place    | Note
--------------------------------------------------------------
     0 | D:1      | Lasopy the Minotaur Fighter began the quest for the Orb.
     0 | D:1      | Reached XP level 1. HP: 19/19 MP: 0/0
   437 | D:1      | Reached skill level 4 in Fighting
   440 | D:1      | Reached XP level 2. HP: 27/27 MP: 1/1
  1015 | D:2      | Found a white marble altar of Elyvilon.
  1159 | D:2      | Reached XP level 3. HP: 31/33 MP: 2/2
  1414 | D:2      | Found a shimmering altar of Xom.
  1418 | D:2      | Found a shimmering altar of Xom.
  1418 | D:2      | Found a shimmering altar of Xom.
  1419 | D:2      | Found a shimmering altar of Xom.
  2057 | D:3      | Reached XP level 4. HP: 19/41 MP: 3/3
  2159 | D:3      | Noticed ProzacElf's ghost (amateur HaAE)
  2183 | D:2      | HP: 1/41 [adder (4)]
  2183 | D:2      | Slain by an adder

Vault maps used:
D:1:      roderic_octagonal_star, minivault_26, st_stairs_14
D:2:      lemuel_upstairs_altar, elyvilon_altar_5, xom_redecorated
D:3:      wad_woods_stonehenge, ecumenical_altar_1,
          corexii_item_surrounded_by_moat, uniq_iyjb

Action                   |  1- 3 |  4- 6 || total
-------------------------+-------+-------++-------
Melee: War axe           |   112 |     8 ||   120
  Use: Scroll            |       |     1 ||     1
  Eat: Chunk             |     3 |     1 ||     4
